 Dungeon Crawl Stone Soup version 0.27.1-3-gb3d3a73c9e (webtiles) character file.

Game seed: 11759517374987344155

63 pkoi the Shield-Bearer (level 3, -1/31 HPs)
             Began as a Minotaur Fighter on Oct 6, 2021.
             Slain by an orc priest (6 damage)
             ... on level 3 of the Dungeon.
             The game lasted 00:01:36 (1613 turns).

pkoi the Shield-Bearer (Minotaur Fighter)           Turns: 1613, Time: 00:01:37

Health: -1/31      AC:  6    Str: 21    XL:     3   Next: 89%
Magic:  2/2        EV:  7    Int:  5    God:
Gold:   81         SH:  9    Dex:  9    Spells: 2/2 levels left

rFire    + . .     SeeInvis .   a - +0 long sword
rCold    + . .     Faith    .   c - +0 kite shield
rNeg     . . .     Spirit   .   b - +0 scale mail
rPois    .         Reflect  .   (helmet restricted)
rElec    .         Harm     .   f - scarf {rC+ rF+}
rCorr    .         Rampage  .   (no gloves)
Will     .....                  (no boots)
Stlth    ..........             (no amulet)
HPRegen  0.10/turn              (no ring)
MPRegen  0.08/turn              (no ring)

@: no status effects
A: horns 2, retaliatory headbutt
a: no special abilities


You were on level 3 of the Dungeon.
You visited 1 branch of the dungeon, and saw 3 of its levels.

You collected 81 gold pieces.

Inventory:

Hand Weapons
 a - a +0 long sword (weapon)
Armour
 b - a +0 scale mail (worn)
 c - a +0 kite shield (worn)
 f - a scarf of resistance (worn)
Scrolls
 e - a scroll of fear {unknown}
 g - a scroll of identify {unknown}
 h - a scroll of teleportation {unknown}
 l - a scroll of silence {unknown}
Potions
 d - a potion of might
 i - 2 potions of curing {unknown}
 j - a potion of ambrosia {unknown}
 k - 2 potions of flight {unknown}


   Skills:
 - Level 3.6 Fighting
 + Level 4.0 Long Blades
 - Level 3.6 Armour
 + Level 4.8 Shields


You had 2 spell levels left.
You didn't know any spells.
Your spell library contained the following spells:

 Spells                   Type           Power      Damage    Failure   Level
 Sublimation of Blood     Necr           0%         N/A       100%        2
 Petrify                  Tmut/Erth      0%         N/A       100%        4
 Irradiate                Conj/Tmut      0%         3d14      100%        5


Dungeon Overview and Level Annotations

Branches:
Dungeon (3/15)

Altars:
Yredelemnul

Shops:
D:1 ?

Annotations:
D:2 Sigmund


Innate Abilities, Weirdness & Mutations

You have a pair of horns on your head.
You reflexively headbutt those who attack you in melee.


Message History

You closely miss the adder.
The adder is lightly wounded.
You feel sick. The adder bites you.
* * * LOW HITPOINT WARNING * * *
You slash the adder! Your headbutt misses the adder.
The adder is severely wounded.
You feel sick.
The adder bites you but does no damage. x2
You hit the adder.
You kill the adder!
You feel sick.
Your Long Blades skill increases to level 4!
Unknown command.
You slash the orc!
You kill the orc!
You feel sick.
You are no longer poisoned.
You block the orc priest's attack.
You hit the orc priest but do no damage.
Your headbutt misses the orc priest.
The orc priest is lightly wounded.
The orc priest barely misses you.
You slash the orc priest!
The orc priest is severely wounded.
The orc priest barely misses you.
You hit the orc priest but do no damage.
The orc priest is severely wounded.
The orc priest barely misses you. The orc priest hits you with a +0 whip.
* * * LOW HITPOINT WARNING * * *
You hit the orc priest but do no damage.
Your headbutt misses the orc priest.
The orc priest is severely wounded.
You block the orc priest's attack.
You hit the orc priest but do no damage.
The orc priest is severely wounded.
You block the orc priest's attack. The orc priest hits you with a +0 whip.
* * * LOW HITPOINT WARNING * * *
You closely miss the orc priest.
The orc priest is severely wounded.
The orc priest hits you with a +0 whip.
You die...

#.......+ #..... #)......#
.. ###### ###'#+###... #
#†#+###...####### #######
#.........#......
.......###........##......
.......+..........##......
.......####.......##......
........o@........##......
........##...)....##......
.>.......#........##......
.........#........##......
.......#.#........##......
....... .#........##......
+####<. ....##+#####......
### ##..# #####'# #.#


You could see an orc priest.

Vanquished Creatures
  2 adders
  A worm (D:2)
  A dart slug (D:1)
  2 orcs (D:3)
  2 ball pythons
  2 bats (D:3)
  5 endoplasms
  2 giant cockroaches
  5 goblins
  2 hobgoblins (D:1)
  2 kobolds (D:2)
  A quokka (D:2)
  3 frilled lizards
  5 rats (D:1)
35 creatures vanquished.

Notes
Turn   | Place    | Note
-------+----------+-------------------------------------------
     0 | D:1      | pkoi the Minotaur Fighter began the quest for the Orb.
     0 | D:1      | Reached XP level 1. HP: 19/19 MP: 0/0
     2 | D:1      | Noticed a naga
     2 | D:1      | Noticed a tengu
     4 | D:1      | Noticed a ghoul
     4 | D:1      | Noticed a dwarf
     6 | D:1      | Noticed a djinni
     6 | D:1      | Noticed a human
     8 | D:1      | Noticed a demigod
     8 | D:1      | Noticed a gargoyle
    11 | D:1      | Noticed a troll
    11 | D:1      | Noticed an octopode
    13 | D:1      | Noticed an elf
    15 | D:1      | Noticed a barachi
    15 | D:1      | Noticed a vine stalker
    17 | D:1      | Noticed an ogre
    17 | D:1      | Noticed a felid
    19 | D:1      | Noticed a spriggan
    19 | D:1      | Noticed a palentonga
    21 | D:1      | Noticed a draconian
    21 | D:1      | Noticed a minotaur
    23 | D:1      | Noticed a formicid
    23 | D:1      | Noticed a demonspawn
    25 | D:1      | Noticed a merfolk
    27 | D:1      | Noticed a vampire
   208 | D:1      | Reached XP level 2. HP: 26/26 MP: 1/1
   356 | D:1      | Found a faded altar of an unknown god.
   550 | D:1      | Found Rebbul's Magic Scroll Shoppe.
   604 | D:2      | Found a basalt altar of Yredelemnul.
   881 | D:2      | Reached XP level 3. HP: 9/31 MP: 2/2
  1250 | D:2      | Noticed Sigmund
  1613 | D:3      | Slain by an orc priest

Illustrated notes

Levels and vault maps discovered:
D:1:      kb_arrival_jail, layout_basic, serial_shops, shop_fountains,
          shapermc_ecumenical_altar_notcrosses
D:2:      layout_basic, basic_altar, minmay_misc_feat_columns, uniq_sigmund
D:3:      layout_basic, serial_shops, shop, gammafunk_ghost_split

Skill      XL: |  1  2  3 |
---------------+----------+-----
Long Blades    | 3 4 |  4.0
Shields        | 4 |  4.8
Fighting       | |  3.6
Armour         | |  3.6

Action                   || total
-------------------------++-------
Melee: Long sword        ||    85
       Headbutt          ||    15
Armor: Scale mail        ||    33
Dodge: Dodged            ||    23
Block: Kite shield       ||    53
       Rpst.: Long sword ||     5
